 Dungeon Crawl Stone Soup version 0.31-a0-263-ge8cad7f256 (webtiles) character file.

Game seed: 17712136574119643692

212 qw the Trooper (level 5, -1/35 HPs)
             Began as a Gargoyle Hexslinger on July 13, 2023.
             Slain by Ijyb
             ... wielding a +0 club
              (4 damage)
             ... on level 4 of the Dungeon.
             The game lasted 00:00:50 (2285 turns).

qw the Trooper (Gargoyle Hexslinger)                Turns: 2285, Time: 00:00:50

Health: -1/35      AC: 15    Str: 11    XL:     5   Next: 90%
Magic:  6/6        EV: 10    Int: 14    God:
Gold:   54         SH:  0    Dex: 14    Spells: 5/6 levels left

rFire   . . .        Y - +1 sling
rCold   . . .        (no shield)
rNeg    + + .        e - quicksilver dragon scales
rPois   inf          (no helmet)
rElec   +            (no cloak)
rCorr   .            (no gloves)
SInv    .            g - +1 pair of boots
Will    +....        (no amulet)
Stlth   +            c - ring of positive energy
HPRegen 0.25/turn    (no ring)
MPRegen 0.10/turn

%: no passive effects
@: about to teleport
A: sickness immunity, AC +4, negative energy resistance 1, electricity
resistance, torment resistance 1, petrification resistance
a: no special abilities


You were on level 4 of the Dungeon.
You visited 1 branch of the dungeon, and saw 4 of its levels.

You collected 200 gold pieces.
You spent 146 gold pieces at shops.


Innate Abilities, Weirdness & Mutations

You are immune to sickness and miasma.
Your stone body is resilient. (AC +4)
You are immune to poison.
You resist negative energy. (rN+)
You are resistant to electric shocks. (rElec)
You are resistant to unholy torment.
You are immune to petrification.


   Skills:
 - Level 5.0 Fighting
 + Level 3.4 Ranged Weapons
 - Level 1.0 Armour
 - Level 1.5 Dodging
 - Level 1.0 Spellcasting
 - Level 2.6 Hexes


You had 5 spell levels left.
You knew the following spells:

 Your Spells              Type           Power      Damage    Failure   Level
a - Slow                  Hex            32%        N/A       21%         1

Your spell library contained the following spells:

 Spells                   Type           Power      Damage    Failure   Level
 Inner Flame              Hex/Fire       4%         N/A       71%         3
 Portal Projectile        Hex/Tloc       8%         N/A       71%         3
 Cause Fear               Hex            4%         N/A       90%         4

Inventory:

Hand Weapons
 Y - a +1 sling (weapon)
Armour
 e - quicksilver dragon scales (worn)
 g - a +1 pair of boots (worn)
Jewellery
 c - a ring of positive energy (left hand)
Scrolls
 a - a scroll of noise {unknown}
 d - 6 scrolls of identify
Potions
 f - 2 potions of heal wounds
 h - a potion of might
 j - a potion of curing

Dungeon Overview and Level Annotations

Branches:
Dungeon (4/15)
 Temple: D:4-7

Altars:

Shops:
D:1 !*[   D:3 ?

Annotations:
D:4 Ijyb, Robin


Message History

You shoot a sling bullet. The sling bullet closely misses Ijyb.
An adder comes into view.
The hobgoblin hits you but does no damage.
Ijyb hits you with a +0 club. The goblin hits you but does no damage.
The hobgoblin barely misses you.
You shoot a sling bullet. The sling bullet hits Ijyb.
Ijyb is heavily wounded.
Robin barely misses you. The hobgoblin barely misses you.
Ijyb hits you but does no damage. The goblin hits you but does no damage.
The hobgoblin barely misses you. Robin barely misses you.
The goblin hits you with a +0 club.
Ijyb zaps a wand.
You resist with almost no effort. The hobgoblin barely misses you.
The hobgoblin hits you but does no damage.
You shoot a sling bullet.
The sling bullet hits Ijyb but does no damage.
Ijyb is heavily wounded.
The hobgoblin hits you. Robin hits you with a +0 whip. Ijyb barely misses you.
The goblin hits you but does no damage. The hobgoblin hits you.
You shoot a sling bullet.
The sling bullet hits Ijyb but does no damage.
Ijyb is heavily wounded.
The hobgoblin hits you but does no damage.
Robin hits you but does no damage. Ijyb closely misses you.
The goblin barely misses you.
The hobgoblin hits you but does no damage.
You shoot a sling bullet. The sling bullet closely misses Ijyb.
Robin zaps a wand.
The puff of flame hits you.
The hobgoblin hits you but does no damage.
Ijyb zaps a wand.
You resist with almost no effort. The goblin hits you but does no damage.
The hobgoblin closely misses you. Robin hits you but does no damage.
The hobgoblin barely misses you. The goblin hits you but does no damage.
Ijyb hits you with a +0 club. The hobgoblin hits you.
2285 ||| READING scroll of teleportation.
As you read the scroll of teleportation, it crumbles to dust.
You feel strangely unstable.
The hobgoblin no longer looks unusually strong.
Robin hits you with a +0 whip. The goblin hits you but does no damage.
The hobgoblin closely misses you. Ijyb hits you with a +0 club.
You die...

........##.##...#..............##
...#.....#........#...........#..
####..#..#..#..####..............
.#.#.##........####.).......[....
..................:.....##.....[.
.#.#.#........# #...#... #.......
.##..#........###...### ##......
....#..........g#g...# #...##.
...###..........@gS.## . ..##
#...####...gg#..# . ...#
#...#....##.##.....
...###..##....##..#...... .
....##..###......<....g.. .
#.......###..####.....g.g
.........##..### .#...g..
......#........# .....
.....###...........


You could see Ijyb (strong), Robin, an adder, 2 hobgoblins and a goblin
(strong).

Vanquished Creatures
  Sigmund (D:3)
  An adder (D:2)
  2 dart slugs
  A worm (D:2)
  2 endoplasms
  3 giant cockroaches (D:3)
  5 hobgoblins
  3 jackals (D:3)
  8 kobolds
  6 ball pythons
  A bat (D:3)
  4 goblins
  4 rats
41 creatures vanquished.

Notes
Turn   | Place    | Note
-------+----------+-------------------------------------------
     0 | D:1      | qw the Gargoyle Hexslinger began the quest for the Orb.
     0 | D:1      | Reached XP level 1. HP: 12/12 MP: 2/2
     0 | D:1      | 0 ||| qw: Version: 0.3-a-52-g30416fa
     0 | D:1      | 0 ||| qw: Game counter: 7070
     0 | D:1      | 0 ||| qw: Melee chars always use a shield: true
     0 | D:1      | 0 ||| qw: God list: Okawaru
     0 | D:1      | 0 ||| qw: Allow faded altars: false
     0 | D:1      | 0 ||| qw: Do Orc after clearing Dungeon:15 true
     0 | D:1      | 0 ||| qw: Do second Lair branch before Depths: true
     0 | D:1      | 0 ||| qw: Lair rune preference: random
     0 | D:1      | 0 ||| qw: Goals: Normal
     0 | D:1      | 0 ||| PLANNING D:1-11
    45 | D:1      | Found Panipaj's Antique Armour Boutique.
    57 | D:1      | 57 ||| UPGRADING to quicksilver dragon scales.
    69 | D:1      | 69 ||| DROPPING +0 robe.
    71 | D:1      | 71 ||| SHOPLISTING embroidered scarf (176 gold, have 22).
    71 | D:1      | 71 ||| SHOPLISTING glowing robe (81 gold, have 22).
    71 | D:1      | 71 ||| SHOPLISTING pair of boots (99 gold, have 22).
    71 | D:1      | 71 ||| SHOPLISTING runed leather armour (110 gold, have
                  | 22).
    71 | D:1      | 71 ||| SHOPLISTING transparent ring mail (198 gold, have
                  | 22).
   300 | D:1      | Reached skill level 1 in Armour
   342 | D:1      | 342 ||| UPGRADING to +0 pair of boots.
   367 | D:1      | Found Jecucun's General Store.
   376 | D:1      | 376 ||| SHOPLISTING +2 pair of boots of rampaging (215
                  | gold, have 57).
   376 | D:1      | 376 ||| SHOPLISTING potion of haste (100 gold, have 57).
   376 | D:1      | 376 ||| BUYING scroll of identify (20 gold).
   376 | D:1      | Bought a scroll of identify for 20 gold pieces
   431 | D:1      | Reached XP level 2. HP: 16/16 MP: 3/3
   431 | D:1      | Found Oguesh's Distillery.
   441 | D:1      | 441 ||| SHOPLISTING 2 potions of heal wounds (140 gold,
                  | have 37).
   441 | D:1      | 441 ||| SHOPLISTING potion of curing (42 gold, have 37).
   441 | D:1      | 441 ||| SHOPLISTING potion of haste (140 gold, have 37).
   441 | D:1      | 441 ||| SHOPLISTING potion of might (56 gold, have 37).
   734 | D:1      | 734 ||| UPGRADING to ring of positive energy.
   735 | D:1      | 735 ||| DRINKING 2 metallic pink potions.
   736 | D:1      | 736 ||| READING 2 scrolls of identify.
   736 | D:1      | 736 ||| IDENTIFYING murky cyan potion
   737 | D:1      | 737 ||| DROPPING scroll of poison.
   796 | D:2      | Reached skill level 3 in Ranged Weapons
   796 | D:2      | Reached XP level 3. HP: 19/20 MP: 4/4
  1284 | D:2      | 1284 ||| READING scroll labelled LEJIOLL RUIDGH.
  1285 | D:2      | 1285 ||| DRINKING 2 glowing coppery potions.
  1302 | D:2      | 1302 ||| DRINKING 2 ruby potions.
  1303 | D:2      | 1303 ||| DROPPING potion of lignification.
  1543 | D:3      | Noticed Sigmund
  1555 | D:3      | Killed Sigmund
  1556 | D:3      | Reached skill level 5 in Fighting
  1556 | D:3      | Reached XP level 4. HP: 31/31 MP: 5/5
  1556 | D:3      | Reached XP level 5. HP: 35/35 MP: 6/6
  1751 | D:3      | Found Sumujava's Magic Scroll Boutique.
  1755 | D:3      | 1755 ||| BUYING scroll of enchant armour (82 gold).
  1755 | D:3      | Bought a scroll of enchant armour for 82 gold pieces
  1755 | D:3      | 1755 ||| BUYING scroll of identify (22 gold).
  1755 | D:3      | Bought a scroll of identify for 22 gold pieces
  1755 | D:3      | 1755 ||| BUYING scroll of identify (22 gold).
  1755 | D:3      | Bought a scroll of identify for 22 gold pieces
  1755 | D:3      | 1755 ||| READING scroll of enchant armour.
  1755 | D:3      | 1755 ||| ENCHANTING +0 pair of boots.
  2105 | D:3      | 2105 ||| READING scroll labelled CEUTEFO PAORY.
  2106 | D:3      | 2106 ||| READING 2 scrolls labelled TIASOSOTEI.
  2109 | D:3      | 2109 ||| DRINKING 2 cyan potions.
  2110 | D:3      | 2110 ||| DROPPING potion of brilliance.
  2272 | D:4      | Noticed Ijyb
  2272 | D:4      | Noticed Robin
  2273 | D:4      | 2273 ||| Stepping ~*~*~tactically~*~*~ (outnumbered).
  2275 | D:4      | 2275 ||| Stepping ~*~*~tactically~*~*~ (outnumbered).
  2284 | D:4      | HP: 6/35 [hobgoblin (3)]
  2285 | D:4      | 2285 ||| READING scroll of teleportation.
  2285 | D:4      | Slain by Ijyb

Levels and vault maps discovered:
D:1:      kennysheep_arrival_forest, layout_basic, serial_shops, shop,
          nicolae_shop_gibbet_a_chance, shop, chequers_jeans
D:2:      layout_basic
D:3:      layout_basic, serial_shops, shop, uniq_sigmund
D:4:      layout_cave_pools, lemuel_tele_altar, nicolae_goblin_pals

Skill      XL: |  1  2  3 |
---------------+----------+-----
Armour         | 1 |  1.0
Ranged Weapons | 3 |  3.4
Fighting       | 5 |  5.0
Dodging        | |  1.5
Spellcasting   | |  1.0
Hexes          | |  2.6

Action                     |  1- 3 |  4- 6 || total
---------------------------+-------+-------++-------
   Fire: Sling             |   102 |    50 ||   152
    Use: Potion            |     3 |     1 ||     4
         Scroll            |     2 |     4 ||     6
 Armour: Quicksilver drago |    24 |    23 ||    47
  Dodge: Dodged            |    40 |    27 ||    67

Table legend:
 A = Non-vault XP
 B = Vault XP
 C = Vault XP percentage of total XP
 D = Non-vault monster count
 E = Vault monster count
 F = Vault count percentage of total count
                 A         B        C        D         E       F
            +---------+---------+-------+---------+---------+-------
      Total |      77 |     227 |  74.7 |      38 |       3 |   7.3
            +---------+---------+-------+---------+---------+-------
        D:1 |      16 |       0 |   0.0 |       9 |       0 |   0.0
        D:2 |      32 |       0 |   0.0 |      11 |       0 |   0.0
        D:3 |      24 |     223 |  90.3 |      16 |       1 |   5.9
        D:4 |       5 |       4 |  44.4 |       2 |       2 |  50.0
            +---------+---------+-------+---------+---------+-------
